 Dungeon Crawl Stone Soup version 0.28-a0-1447-ga5a8893891 (webtiles) character file.

Game seed: 17505911714365687358

5 Zonian the Chiller (level 1, -2/13 HPs)
             Began as a Demonspawn Ice Elementalist on Jan 12, 2022.
             Frozen to death by an endoplasm (3 damage)
             ... on level 1 of the Dungeon.
             The game lasted 00:00:57 (358 turns).

Zonian the Chiller (Demonspawn Ice Elementalist)     Turns: 358, Time: 00:00:58

Health: -2/13      AC:  2    Str:  8    XL:     1   Next: 66%
Magic:  1/3        EV: 12    Int: 16    God:
Gold:   0          SH:  0    Dex: 13    Spells: 3/4 levels left

rFire   . . .      SeeInvis .   e - +0 dagger
rCold   . . .      Faith    .   (no shield)
rNeg    . . .      Spirit   .   a - +0 robe
rPois   .          Reflect  .   (no helmet)
rElec   .          Harm     .   (no cloak)
rCorr   .          Rampage  .   (no gloves)
Will    .....                   (no boots)
Stlth   ++........              (no amulet)
HPRegen 0.04/turn               (no ring)
MPRegen 0.08/turn               (no ring)

@: no status effects
A: no striking features
a: no special abilities


You were on level 1 of the Dungeon.
You visited 1 branch of the dungeon, and saw 1 of its levels.

Inventory:

Hand Weapons
 e - a +0 dagger (weapon)
Armour
 a - a +0 robe (worn)
 d - a +0 pair of boots
Scrolls
 b - 2 scrolls of identify {unknown}
Potions
 c - a potion of curing {unknown}


   Skills:
 + Level 1.9 Dodging
 + Level 1.9 Stealth
 + Level 2.1 Spellcasting
 + Level 3.6 Ice Magic


You had 3 spell levels left.
You knew the following spells:

 Your Spells              Type           Power      Damage    Failure   Level
a - Freeze                Ice            52%        1d7       4%          1

Your spell library contained the following spells:

 Spells                   Type           Power      Damage    Failure   Level
 Frozen Ramparts          Ice            26%        1d4       14%         3
 Ozocubu's Armour         Ice            13%        N/A       14%         3
 Hailstorm                Conj/Ice       7%         3d4       67%         4


Dungeon Overview and Level Annotations

Branches:
Dungeon (1/15)

Altars:


Message History

The kobold is moderately wounded.
The kobold closely misses you.
You barely miss the kobold.
The kobold is moderately wounded.
The kobold completely misses you. The kobold hits you but does no damage.
The quokka bites you. The quokka bites you.
The kobold throws a stone.
The stone misses you.
You see here a +0 dagger.
e - a +0 dagger The quokka closely misses you.
Unknown command.
e - a +0 dagger (weapon)
The kobold throws a stone.
The stone hits you.
Unknown command.
You hit the quokka but do no damage. The quokka closely misses you.
The quokka misses you.
You barely miss the quokka.
The quokka bites you but does no damage.
Unknown command.
A bat comes into view.
An endoplasm comes into view.
The quokka closely misses you.
You are too injured to fight recklessly!
Casting: Freeze (safe; 4% risk of failure)
Confirm with . or Enter, or press ? or * to list all spells.
Aiming: Freeze (safe; 4% risk of failure)
Press: ? - help, Shift-Dir - straight line, f/p - kobold
Aim: a kobold, wielding a +0 short sword and quivering stones (moderately wounded)
You freeze the kobold.
The kobold is severely wounded.
The endoplasm quivers.
The quokka bites you.
* * * LOW HITPOINT WARNING * * *
The kobold misses you.
You hit the kobold.
You kill the kobold!
The bat hits you but does no damage. The quokka closely misses you.
The endoplasm freezes you.
You are frozen.
You die...

##..## #.# .........
#...###.############
##..................
##
#...###############
#.. ##..# #... #..#
..... #..#
......#r)# #...J@.#
##..b..# #######


You could see an endoplasm, a quokka and a bat.

Vanquished Creatures
  An endoplasm (D:1)
  A goblin (D:1)
  2 kobolds (D:1)
  2 rats (D:1)
6 creatures vanquished.

Notes
Turn   | Place    | Note
-------+----------+-------------------------------------------
     0 | D:1      | Zonian the Demonspawn Ice Elementalist began the quest for
                  | the Orb.
     0 | D:1      | Reached XP level 1. HP: 13/13 MP: 3/3
   358 | D:1      | Frozen to death by an endoplasm

Illustrated notes

Levels and vault maps discovered:
D:1:      dpeg_arrival_boxes_within_box, layout_basic, hex_tiny,
          minmay_misc_feat_x, hangedman_decor_growths,
          chequers_serial_rivers_large_b

Action                   || total
-------------------------++-------
Melee: Unarmed           ||     8
       Dagger            ||     3
 Cast: Freeze            ||     7
Armor: Robe              ||     3
Dodge: Dodged            ||    14

Table legend: (Time is in decaauts)
 A = Elapsed time spent in this place.
 B = Non-inter-level travel time spent in this place.
 C = Inter-level travel time spent in this place.
 D = Time resting spent in this place.
 E = Time spent auto-exploring this place.
 F = Levels seen in this place.
 G = Mean time per level.
                   A        B        C        D        E       F      G
               +--------+--------+--------+--------+--------+-----+--------+
         Total |    357 |    357 |      0 |    240 |     53 |   1 |  357.0 |
       Dungeon |    357 |    357 |      0 |    240 |     53 |   1 |  357.0 |
               +--------+--------+--------+--------+--------+-----+--------+

Top non-repeatable levels by time:
     D:1: 357 daAuts
